AoeStats
← Build Gates

Nomad

510192013Analyzed
3v3 RM · 2d ago on Sep 29, 2026· 44m 59s· 6 players
Game mode
Random Map
Map size
210×210
Population
200
Speed
Normal
Resources
Standard
Victory
Conquest
Starting age
Dark Age
Ending age
Imperial Age
RankedLock teamsTeams togetherTeam positionsShared explorationLock speedFull tech treeHidden civsTurbo modeCheats
Victory
Defeat
🇨🇴 Spanish · Colombia
1601
+9
🇨🇴 Persians · Colombia
1545
+11
🇭🇺 Malay · Hungary
1491
+15
🇦🇷 Spanish · Argentina
1546
-15
🇦🇷 Varangians · Argentina
1485
-13
🇦🇷 Tupi · Argentina
1301
-7
Chauchh
5:42 Loom
14:22 Feudal Age
18:50 Castle Age
18:00 Horse Collar
20:07 Padded Archer Armor
21:06 Leather Archer Armor
29:01 Bloodlines
28:55 Husbandry
33:22 Stone Mining
34:40 Town Watch
40:40 Imperial Age
38:17 Double-Bit Axe
38:32 Heavy Plow
41:13 Fletching
Mr_Yo Yi
3:44 Loom
13:14 Feudal Age
16:50 Castle Age
15:46 Double-Bit Axe
18:10 Bow Saw
20:41 Medium Warships
23:41 Fishing Lines
23:58 Horse Collar
24:59 Gillnets
28:59 Gold Mining
29:57 Scale Barding Armor
30:02 Forging
31:33 Wheelbarrow
35:56 Imperial Age
33:35 Husbandry
34:59 Heavy Plow
35:19 Hand Cart
36:11 Elite Jarl
37:12 Chain Barding Armor
37:27 Iron Casting
37:31 Bloodlines
38:16 Stone Mining
39:27 Plate Barding Armor
39:27 Iron Casting
39:45 Iron Casting
40:24 Conscription
40:31 Ballistics
42:58 Blast Furnace
<Nabucotorneo>
4:21 Loom
13:12 Feudal Age
14:43 Wheelbarrow
14:48 Town Watch
14:52 Double-Bit Axe
17:59 Fletching
26:00 Castle Age
25:08 Horse Collar
25:22 Gold Mining
25:45 Stone Mining
27:07 Medium Warships
26:57 Bodkin Arrow
27:50 Town Patrol
33:51 Ballistics
35:40 Fishing Lines
36:20 Padded Archer Armor
37:00 Treadmill Crane
39:44 Demolition Ship
[IMGG] JuanCa
13:21 Feudal Age
14:05 Double-Bit Axe
19:53 Castle Age
18:21 Fletching
20:50 Bow Saw
20:35 Horse Collar
26:25 Wheelbarrow
25:40 Loom
27:00 Gold Mining
27:06 Stone Mining
27:15 Gold Mining
29:44 Hand Cart
30:17 Heavy Plow
32:48 Imperial Age
31:19 Forging
31:15 Scale Barding Armor
32:56 Iron Casting
32:55 Bloodlines
32:46 Husbandry
32:30 Cavalier
33:37 Chain Barding Armor
34:02 Conscription
37:15 Plate Barding Armor
40:07 Blast Furnace
39:04 Savar
41:40 Gold Shaft Mining
42:07 Two-Man Saw
44:40 Bodkin Arrow
45:28 Stone Shaft Mining
45:25 Crop Rotation
Bl++d
2:55 Loom
14:35 Feudal Age
19:38 Castle Age
17:31 Fishing Lines
17:54 Stone Mining
20:06 Horse Collar
22:05 Double-Bit Axe
22:46 Gold Mining
23:19 Forging
24:27 Squires
28:09 Iron Casting
33:46 Fletching
34:10 Heavy Plow
34:24 Bow Saw
34:46 Ballistics
35:18 Thalassocracy
35:39 Medium Warships
35:38 Bodkin Arrow
37:37 Wheelbarrow
37:20 Clinker Construction
37:24 Careening
38:51 Hand Cart
40:12 Gold Shaft Mining
43:48 Imperial Age
43:20 Bracer
43:48 Heavy Warships
44:35 Chemistry
45:05 Carvel Hull
45:17 Shipwright
45:19 Carvel Hull
44:23 Pikeman
46:07 Blast Furnace
Build Gates
13:12 Feudal Age
11:27 Loom
17:01 Castle Age
15:27 Double-Bit Axe
16:01 Horse Collar
18:02 Bow Saw
24:13 Padded Archer Armor
28:26 Husbandry
30:35 Wheelbarrow
29:45 Town Watch
30:43 Wheelbarrow
31:04 Bloodlines
34:28 Imperial Age
32:15 Hand Cart
32:06 Heavy Plow
35:19 Leather Archer Armor
35:11 Scale Barding Armor
34:46 Elite Conquistador
37:31 Chain Barding Armor
37:21 Forging
37:07 Cavalier
37:40 Cavalier
40:11 Plate Barding Armor
40:11 Iron Casting
43:49 Blast Furnace
44:01 Conscription
Connection lost

Rejoining the realm…

Still unreachable

The connection could not be restored.

Session expired

The server has moved on; the page needs a fresh start.